 Dungeon Crawl Stone Soup version 0.29-a0-925-g0a7a3d12f8 (webtiles) character file.

Game seed: 4348049117416792714

198 greasedhog the Shooter (level 5, -1/30 HPs)
             Began as a Gargoyle Hunter on July 28, 2022.
             Slain by a mummy (12 damage)
             ... in an ossuary.
             The game lasted 00:03:25 (2559 turns).

greasedhog the Shooter (Gargoyle Hunter)            Turns: 2559, Time: 00:03:26

Health: -1/30      AC: 10    Str: 15    XL:     5   Next: 77%
Magic:  5/5        EV: 12    Int:  9    God:
Gold:   162        SH:  0    Dex: 15    Spells: 4/4 levels left

rFire   . . .      SeeInvis .   k - +2 dagger (flame)
rCold   . . .      Faith    .   (no shield)
rNeg    + . .      Spirit   .   c - +1 leather armour
rPois   ∞          Reflect  .   m - +2 hat
rElec   +          Harm     .   (no cloak)
rCorr   .          Rampage  .   (no gloves)
Will    +....                   (no boots)
Stlth   ++........              (no amulet)
HPRegen 0.10/turn               e - ring of willpower
MPRegen 0.09/turn               (no ring)

@: no status effects
A: sickness immunity, AC +4, negative energy resistance 1, electricity
resistance, torment resistance 1, petrification resistance
a: no special abilities


You were in an ossuary.
You visited 1 branch of the dungeon, and saw 4 of its levels.
You also visited: Ossuary.

You collected 162 gold pieces.

Inventory:

Hand Weapons
 a - a +1 shortbow
 k - a +2 dagger of flaming (weapon)
Armour
 c - a +1 leather armour (worn)
 m - a +2 hat (worn)
Jewellery
 e - a ring of willpower (left hand)
Scrolls
 b - a scroll of immolation
 o - a scroll of enchant weapon
Potions
 d - a potion of resistance {unknown}
 f - 2 potions of heal wounds {unknown}
 g - a potion of lignification {unknown}
 h - 2 potions of attraction {unknown}
 i - a potion of haste {unknown}
 j - 2 potions of brilliance {unknown}
 l - 3 potions of might {unknown}
 n - a potion of degeneration {unknown}


   Skills:
 - Level 2.1 Fighting
 * Level 5.1 Ranged Weapons
 * Level 3.0 Dodging
 * Level 3.8 Stealth


You had 4 spell levels left.
You didn't know any spells.
Your spell library contained the following spells:

 Spells                   Type           Power      Damage    Failure   Level
 Borgnjor's Revivificati  Necr           0%         N/A       100%        8
 Necromutation            Tmut/Necr      0%         N/A       100%        8
 Death's Door             Necr           0%         N/A       100%        9


Dungeon Overview and Level Annotations

Branches:
Dungeon (4/15)            Ossuary (1/1)
 Temple: D:4-7

Altars:
Elyvilon
Sif Muna

Shops:
D:2 [


Innate Abilities, Weirdness & Mutations

You are immune to sickness and miasma.
Your stone body is resilient. (AC +4)
You are immune to poison.
You resist negative energy. (rN+)
You are resistant to electric shocks. (rElec)
You are resistant to unholy torment.
You are immune to petrification.


Message History

You are too injured to fight recklessly!
You are too injured to fight recklessly!
You are too injured to fight recklessly!
You are too injured to fight recklessly!
You are too injured to fight recklessly!
You are too injured to fight recklessly!
You are too injured to fight recklessly!
You are too injured to fight recklessly!
You are too injured to fight recklessly!
You are too injured to fight recklessly!
You are too injured to fight recklessly!
You are too injured to fight recklessly!
You are too injured to fight recklessly!
You are too injured to fight recklessly!
You are too injured to fight recklessly!
You are too injured to fight recklessly!
Unknown command.
Your +2 dagger of flaming bursts into flame!
k - a +2 dagger of flaming (weapon)
You hit the mummy. You burn the mummy.
The mummy is moderately damaged.
The gnoll zombie hits you but does no damage.
The mummy closely misses you.
You completely miss the mummy.
The mummy is moderately damaged.
The gnoll zombie closely misses you.
You hit the mummy. You burn the mummy.
The mummy is moderately damaged.
The mummy hits you. The gnoll zombie barely misses you.
You hit the mummy but do no damage.
The mummy is moderately damaged.
The mummy hits you but does no damage.
Okay, then.
You hit the mummy. You burn the mummy.
The mummy is heavily damaged.
The gnoll zombie closely misses you.
You hit the mummy. You burn the mummy.
The mummy is severely damaged.
The gnoll zombie closely misses you. The mummy hits you!
You die...

..........
.........
.......#
......#
#....#
#Z...#
#MZ..#
#@...#
#....#
#....#
#....#
#....#
#.∩∩.#
######


You could see a mummy, a gnoll zombie and an orc zombie.

Vanquished Creatures
  Jessica (D:2)
  2 orc wizards (D:3)
  A mummy (Ossuary)
  2 adders
  3 gnolls (D:4)
  2 worms
  2 dart slugs
  3 bats (D:2)
  2 endoplasms (D:2)
  2 giant cockroaches
  A gnoll zombie (Ossuary)
  2 goblins (D:2)
  4 hobgoblins
  6 jackals
  4 quokkas
  4 frilled lizards
  A hobgoblin zombie (Ossuary)
  6 kobolds
  A kobold zombie (Ossuary)
  3 orc zombies (Ossuary)
  8 rats
60 creatures vanquished.

Notes
Turn   | Place    | Note
-------+----------+-------------------------------------------
     0 | D:1      | greasedhog the Gargoyle Hunter began the quest for the Orb.
     0 | D:1      | Reached XP level 1. HP: 12/12 MP: 1/1
   124 | D:1      | Reached XP level 2. HP: 13/17 MP: 2/2
   431 | D:1      | Found a faded altar of an unknown god.
   583 | D:2      | Found a white marble altar of Elyvilon.
   601 | D:2      | Reached XP level 3. HP: 21/21 MP: 3/3
  1116 | D:2      | Noticed Jessica
  1123 | D:2      | Killed Jessica
  1124 | D:2      | Reached XP level 4. HP: 18/26 MP: 4/4
  1245 | D:2      | Found Viabumui's Armour Shoppe.
  1258 | D:2      | Identified the +6 war axe of the Lame Duck {vorpal, rF+
                  | Str+5 Dex-2}
  1611 | D:3      | Found a shimmering blue altar of Sif Muna.
  1938 | D:3      | Reached XP level 5. HP: 16/30 MP: 5/5
  2442 | D:4      | Found a sand-covered staircase.
  2454 | D:4      | Reached skill level 5 in Ranged Weapons
  2506 | Ossuary  | Entered an ossuary
  2559 | Ossuary  | Slain by a mummy

Illustrated notes

Levels and vault maps discovered:
D:1:      ncdulo_wetmaze, layout_basic, basic_ecumenical_altar
D:2:      layout_loops_ring, serial_shops, shop, basic_altar, uniq_jessica
D:3:      layout_basic, led_sif_book, minmay_misc_feat_rows
D:4:      layout_basic, mainiacjoe_overflow_alcove_2,
          nicolae_ossuary_entry_ruins, chequers_serial_rivers_room_b,
          corexii_checkpoint_b, minmay_shop_damaged
Ossuary:  ossuary_tomb_3

Skill      XL: |  1  2  3  4  5 |
---------------+----------------+-----
Dodging        | 2 3 |  3.0
Stealth        | 2 3 |  3.8
Ranged Weapons | 5 |  5.1
Fighting       | |  2.1

Action                   |  1- 3 |  4- 6 || total
-------------------------+-------+-------++-------
Melee: Dagger            |       |     6 ||     6
 Fire: Shortbow          |    80 |   106 ||   186
  Use: Scroll            |     5 |     2 ||     7
Armor: Leather armour    |     7 |    24 ||    31
Dodge: Dodged            |     9 |    45 ||    54

Table legend: (Time is in decaauts)
 A = Elapsed time spent in this place.
 B = Non-inter-level travel time spent in this place.
 C = Inter-level travel time spent in this place.
 D = Time resting spent in this place.
 E = Time spent auto-exploring this place.
 F = Levels seen in this place.
 G = Mean time per level.
                   A        B        C        D        E       F      G
               +--------+--------+--------+--------+--------+-----+--------+
         Total |   2622 |   2513 |    109 |     26 |   2028 |   5 |  524.4 |
       Dungeon |   2563 |   2454 |    109 |     26 |   2009 |   4 |  640.8 |
       Ossuary |     59 |     59 |      0 |      0 |     19 |   1 |   59.0 |
               +--------+--------+--------+--------+--------+-----+--------+

Top non-repeatable levels by time:
     D:2: 1005 daAuts
     D:3: 805 daAuts
     D:1: 599 daAuts
     D:4: 152 daAuts
 Ossuary: 59 daAuts
